 Dungeon Crawl Stone Soup version 0.30-a0-793-g160f7cfddd (webtiles) character file.

Game seed: 7072577288444170509

562 BubbleThief the Digger (level 7, -12/51 HPs)
             Began as a Formicid Earth Elementalist on Feb 20, 2023.
             Was an Initiate of Elyvilon.
             Killed by divine providence
             ... invoked by an orc priest
              (15 damage)
             ... on level 5 of the Dungeon.
             The game lasted 00:06:14 (3765 turns).

BubbleThief the Digger (FoEE)                       Turns: 3765, Time: 00:06:14

Health: -12/51     AC:  2    Str: 13    XL:     7   Next: 58%
Magic:  11/13      EV: 12    Int: 16    God:    Elyvilon [......]
Gold:   270        SH:  5    Dex: 14    Spells: 13/14 levels left

rFire   . . .      SeeInvis +    j - +0 short sword (protect)
rCold   + . .      Faith    .    p - +0 buckler
rNeg    . . .      Spirit   .    a - +0 robe
rPois   +          Reflect  .    (helmet unavailable)
rElec   .          Harm     .    (no cloak)
rCorr   .          Rampage  .    (no gloves)
Will    .....                    (no boots)
Stlth   ++                       i - amulet of magic regeneration
HPRegen 0.28/turn                w - ring of protection from cold
MPRegen 0.53/turn                t - ring of poison resistance

@: no status effects
A: permanent stasis, dig shafts and tunnels, antennae 3, four strong arms
a: Dig, Shaft Self, Renounce Religion


You were on level 5 of the Dungeon.
You worshipped Elyvilon.
Elyvilon was noncommittal.
You visited 2 branches of the dungeon, and saw 6 of its levels.

You collected 270 gold pieces.

Inventory:

Hand Weapons
 d - a +0 dagger
 j - a +0 short sword of protection (weapon)
Armour
 a - a +0 robe (worn)
 p - a +0 buckler (worn)
Jewellery
 i - an amulet of magic regeneration (around neck)
 k - a ring of wizardry
 t - a ring of poison resistance (right hand)
 w - a ring of protection from cold (left hand)
Scrolls
 e - 4 scrolls of identify {unknown}
 f - 2 scrolls of enchant weapon {unknown}
 l - 2 scrolls of teleportation {unknown}
 r - a scroll of enchant armour {unknown}
 s - 2 scrolls of magic mapping {unknown}
 u - 2 scrolls of blinking {unknown}
 v - a scroll of poison {unknown}
Potions
 b - a potion of magic
 c - a potion of haste {unknown}
 g - a potion of might {unknown}
 h - 3 potions of curing {unknown}
 m - a potion of attraction {unknown}
 n - a potion of brilliance {unknown}
 o - 2 potions of lignification {unknown}
 q - a potion of mutation {unknown}


   Skills:
 + Level 2.7 Fighting
 - Level 1.7 Dodging
 - Level 2.4 Stealth
 + Level 3.2 Shields
 - Level 4.0 Spellcasting
 - Level 1.1 Transmutations
 * Level 7.5 Earth Magic


You had 13 spell levels left.
You knew the following spells:

 Your Spells              Type           Power      Damage    Failure   Level
a - Sandblast             Erth           54%        2d13      1%          1

Your spell library contained the following spells:

 Spells                   Type           Power      Damage    Failure   Level
 Passwall                 Tmut/Erth      14%        N/A       5%          2
 Stone Arrow              Conj/Erth      30%        3d8       13%         3
 Petrify                  Tmut/Erth      17%        N/A       34%         4


Dungeon Overview and Level Annotations

Branches:
Dungeon (5/15)             Temple (1/1) D:4

Altars:
Ashenzari
Cheibriados
Dithmenos
Elyvilon
Hepliaklqana
Kikubaaqudgha
Nemelex Xobeh
Okawaru
Ru
Trog
Vehumet
Wu Jian
Xom
Zin


Innate Abilities, Weirdness & Mutations

You cannot be hasted, slowed, berserked, paralysed or teleported.
You can dig through walls and to a lower floor.
You have a pair of large antennae on your head. (SInv)
Your four strong arms can wield two-handed weapons with a shield.


Message History

* * * LOW HITPOINT WARNING * * *
The orc barely misses you.
Aiming: Sandblast (safe; 1% risk of failure)
Press: ? - help, Q - select action, (/) - cycle Shift-Dir - straight line, f/p - orc priest
Aim: an orc priest, wielding a +1 flail of protection and wearing a +0 ring mail (85% to hit)
The blast of sand hits the orc priest but does no damage.
A hound comes into view.
The orc priest misses you. The orc closely misses you.
The orc priest hits you with a +1 flail of protection!
* * * LOW HITPOINT WARNING * * *
The orc hits you but does no damage.
Aiming: Sandblast (safe; 1% risk of failure)
Press: ? - help, Q - select action, (/) - cycle Shift-Dir - straight line, f/p - orc priest
Aim: an orc priest, wielding a +1 flail of protection and wearing a +0 ring mail (85% to hit)
The blast of sand hits the orc priest but does no damage.
The orc priest closely misses you. The orc closely misses you.
The orc priest attacks as you move away!
The orc priest misses you.
The orc priest looks encouraged for a moment.
You see here an iguana corpse.
Aiming: Sandblast (safe; 1% risk of failure)
Press: ? - help, Q - select action, (/) - cycle Shift-Dir - straight line, f/p - orc priest
Aim: an orc priest, wielding a +1 flail of protection and wearing a +0 ring mail (85% to hit)
The blast of sand hits the orc!!
You kill the orc!
The hound barely misses you.
The orc priest hits you with a +1 flail of protection.
* * * LOW HITPOINT WARNING * * *
The hound attacks as you move away! You block the hound's attack.
The orc priest attacks as you move away!
The orc priest barely misses you. You block the hound's attack.
Okay, then.
Aiming: Sandblast (safe; 1% risk of failure)
Press: ? - help, Q - select action, (/) - cycle Shift-Dir - straight line, p - orc priest The blast of sand hits the orc priest.
The orc priest is moderately wounded.
The hound barely misses you.
The orc priest invokes the aid of Beogh against you.
Beogh smites you!
You die...

#...#......##♣♣
....o.(........♣♣
................♣ {
.....#o{.........
.....#..........
.....#......#
$...........#
....#......########
........#....))h@.#
........#.#....o..#
............[.....#
..........<..........
..........#####.......
..........# ##.......
........#.# ###.....
........### .....
........#


You could see a hound and an orc priest.

Vanquished Creatures
  A phantom (D:4)
  A howler monkey (D:5)
  2 hounds
  3 jellies
  2 iguanas
  2 orc wizards
  5 gnolls
  5 adders
  7 dart slugs
  6 orcs
  4 ball pythons
  6 bats
  6 endoplasms
  6 giant cockroaches
  6 goblins
  13 hobgoblins
  5 kobolds
  2 quokkas
  5 frilled lizards
  6 rats
93 creatures vanquished.

Notes
Turn   | Place    | Note
-------+----------+-------------------------------------------
     0 | D:1      | BubbleThief the Formicid Earth Elementalist began the quest
                  | for the Orb.
     0 | D:1      | Reached XP level 1. HP: 13/13 MP: 3/3
    96 | D:1      | Reached skill level 4 in Earth Magic
    96 | D:1      | Reached XP level 2. HP: 19/19 MP: 0/5
   291 | D:1      | Reached XP level 3. HP: 12/24 MP: 0/7
   710 | D:1      | Reached skill level 5 in Earth Magic
   756 | D:1      | Reached XP level 4. HP: 30/30 MP: 5/8
  1640 | D:3      | Found a faded altar of an unknown god.
  2034 | D:3      | Reached XP level 5. HP: 14/35 MP: 7/10
  2839 | D:4      | Reached skill level 6 in Earth Magic
  2964 | D:4      | Reached skill level 1 in Fighting
  2964 | D:4      | Reached skill level 1 in Shields
  2964 | D:4      | Reached XP level 6. HP: 14/43 MP: 9/11
  3209 | D:4      | Reached XP level 7. HP: 43/50 MP: 9/13
  3323 | D:4      | Reached skill level 7 in Earth Magic
  3344 | D:4      | Found a staircase to the Ecumenical Temple.
  3633 | Temple   | Entered the Ecumenical Temple
  3682 | Temple   | Became a worshipper of Elyvilon the Healer
  3716 | D:5      | Entered Level 5 of the Dungeon
  3763 | D:5      | HP: 2/51 [orc priest/+1 flail of protection (5)]
  3765 | D:5      | Killed from afar by an orc priest

Illustrated notes

Levels and vault maps discovered:
D:1:      scummos_arrival_simple_fountains, layout_loops_ring
D:2:      layout_basic, chequers_jeans, kennysheep_generic_room_10
D:3:      layout_basic, hellmonk_ecumenical_altar_zigzags
D:4:      layout_cave_pools, temple_green, st_stairs_11,
          kennysheep_generic_room_5
D:5:      layout_rooms, mainiacjoe_overflow_alcove_4,
          grunt_temple_overflow_open, minivault_11, hex_medium,
          kennysheep_windowed_goal, uniq_crazy_yiuf_cottage
Temple:   eino_temple_water

Skill      XL: |  1  2  3  4  5  6  7 |
---------------+----------------------+-----
Earth Magic    | 4 5 6 7 |  7.5
Spellcasting   | 3 4 |  4.0
Fighting       | 1 2 |  2.7
Shields        | 1 2 3 |  3.2
Dodging        | |  1.7
Stealth        | |  2.4
Transmutations | |  1.1

Action                     |  1- 3 |  4- 6 |  7- 9 || total
---------------------------+-------+-------+-------++-------
  Melee: Dagger            |     2 |       |       ||     2
         Short sword       |       |     2 |       ||     2
   Cast: Sandblast         |    39 |    87 |    26 ||   152
 Armour: Robe              |     5 |    11 |     2 ||    18
  Dodge: Dodged            |    10 |    15 |    16 ||    41
  Block: Buckler           |       |     3 |     2 ||     5

Table legend: (Time is in decaauts)
 A = Elapsed time spent in this place.
 B = Non-inter-level travel time spent in this place.
 C = Inter-level travel time spent in this place.
 D = Time resting spent in this place.
 E = Time spent auto-exploring this place.
 F = Levels seen in this place.
 G = Mean time per level.
                   A        B        C        D        E       F      G
               +--------+--------+--------+--------+--------+-----+--------+
         Total |   3838 |   3689 |    149 |    133 |   2940 |   6 |  639.7 |
       Dungeon |   3771 |   3638 |    133 |    133 |   2939 |   5 |  754.2 |
        Temple |     66 |     50 |     16 |      0 |      1 |   1 |   66.0 |
               +--------+--------+--------+--------+--------+-----+--------+

Top non-repeatable levels by time:
     D:3: 1366 daAuts
     D:1: 1048 daAuts
     D:4: 719 daAuts
     D:2: 579 daAuts
  Temple: 66 daAuts
     D:5: 58 daAuts
